 Dungeon Crawl Stone Soup version 0.18.1-50-g88ac8fd (webtiles) character file.

128 mopl the Slasher (level 5, -4/26 HPs)
             Began as a Vine Stalker Warper on May 17, 2017.
             Slain by PeterLawrence's ghost (6 damage)
             ... on level 3 of the Dungeon.
             The game lasted 00:03:35 (1968 turns).

mopl the Slasher (Vine Stalker Warper)              Turns: 1968, Time: 00:03:36

Health: -4/26      AC:  5    Str: 13    XL:     5   Next: 12%
Magic:  0/9        EV:  7    Int: 13    God:
Gold:   60         SH:  0    Dex: 15    Spells: 3 memorised, 2 levels left

rFire  . . .     SeeInvis .     a - +0 falchion
rCold  . . .     Gourm    .     p - +2 robe {rN+}
rNeg   + . .     Faith    .     (no shield)
rPois  .         Spirit   +     (no helmet)
rElec  .         Dismiss  .     (no cloak)
rCorr  .         Reflect  .     r - +0 pair of gloves
SustAt .         Harm     .     (no boots)
MR     .....                    (no amulet)
Stlth  +.........               (no ring)
                                (no ring)

@: not resistant to hostile enchantments, very unstealthy
A: fangs 2, regeneration 1, magic shield, antimagic bite, no device heal 3, rot
immunity
a: no special abilities


You were on level 3 of the Dungeon.
You were not hungry.

You visited 1 branch of the dungeon, and saw 3 of its levels.

You collected 60 gold pieces.

Inventory:

Hand Weapons
 a - a +0 falchion (weapon)
 b - a +0 blowgun
Missiles
 e - 5 tomahawks of dispersal (quivered)
 i - 2 tomahawks
 t - 7 curare-tipped needles
Armour
 p - a +2 robe of positive energy (worn)
 r - a +0 pair of gloves (worn)
 s - a +0 shield
Scrolls
 d - a scroll of blinking
 g - 2 scrolls of teleportation {unknown}
 l - a scroll of identify {unknown}
 n - a scroll of immolation {unknown}
 o - 2 scrolls of amnesia {unknown}
Potions
 h - a potion of cure mutation {unknown}
 j - a potion of might {unknown}
 k - a potion of agility {unknown}
 m - a potion of heal wounds {unknown}
Books
 c - a book of Spatial Translocations

   Spells                             Type                      Level
   a - Apportation                    Translocation                1
   b - Blink                          Translocation                2
   c - Shroud of Golubria             Charms/Translocation         2
   d - Portal Projectile              Translocation                3
   e - Teleport Other                 Translocation                3
   f - Passage of Golubria            Translocation                4
Comestibles
 f - a bread ration
 q - 6 chunks of flesh
 u - a meat ration


   Skills:
 + Level 2.0 Fighting
 * Level 4.5 Long Blades
 - Level 0.8 Throwing
 - Level 0.7 Armour
 - Level 1.5 Dodging
 - Level 2.1 Spellcasting
 - Level 3.0 Translocations


You had 2 spell levels left.
You knew the following spells:

 Your Spells              Type           Power        Failure   Level  Hunger
a - Apportation           Tloc           #.........   10%         1    ##.....
e - Blink                 Tloc           N/A          12%         2    ###....
p - Portal Projectile     Tloc           #.....       21%         3    ####...


Dungeon Overview and Level Annotations

Branches:
Dungeon (3/15)

Altars:

Annotations:
D:3 PeterLawrence's ghost, weakling MiFi


Innate Abilities, Weirdness & Mutations

You have extremely sharp teeth.
Your natural rate of healing is unusually fast.
When hurt, damage is shared between your health and your magic reserves.
Your bite disrupts and absorbs the magic of your enemies.
Potions and wands cannot restore your health.
You are immune to rotting.


Message History

You drain its power.
PeterLawrence's ghost is moderately damaged.
PeterLawrence's ghost hits you!
You hit PeterLawrence's ghost. You bite PeterLawrence's ghost.
You drain its power.
You feel invigorated.
PeterLawrence's ghost is heavily damaged.
PeterLawrence's ghost hits you.
You are too injured to fight recklessly!
You are too injured to fight recklessly!
You hit PeterLawrence's ghost but do no damage.
You bite PeterLawrence's ghost, but do no damage.
PeterLawrence's ghost is heavily damaged.
PeterLawrence's ghost hits you.
You hit PeterLawrence's ghost.
You bite PeterLawrence's ghost, but do no damage.
PeterLawrence's ghost is severely damaged.
PeterLawrence's ghost hits you!
* * * LOW HITPOINT WARNING * * *
PeterLawrence's ghost hits you!
You die...

####### #.....# #.....#
#.)...# #######.....# ####
########...........#
...######.....gW@.####.....#
##........)...##### #...>.#
.....##.(###### #.....#
.......>## ####### <.#.#####
###.# ##..# #..#####
.......# ## .#


You could see PeterLawrence's ghost and a hobgoblin.

Vanquished Creatures
  Jessica (D:2)
  3 adders
  2 oozes
  A worm (D:2)
  3 dart slugs
  3 giant geckos
  2 orcs (D:3)
  A ball python (D:2)
  6 bats
  3 giant cockroaches
  3 goblins
  11 hobgoblins
  3 quokkas (D:2)
  3 giant newts
  3 kobolds
  2 rats (D:2)
50 creatures vanquished.

Notes
Turn   | Place    | Note
--------------------------------------------------------------
     0 | D:1      | mopl the Vine Stalker Warper began the quest for the Orb.
     0 | D:1      | Reached XP level 1. HP: 11/11 MP: 4/4
    89 | D:1      | Reached skill level 2 in Long Blades
   267 | D:1      | Reached XP level 2. HP: 13/15 MP: 6/6
   271 | D:1      | Learned a level 2 spell: Blink
   712 | D:2      | Reached skill level 3 in Long Blades
   816 | D:2      | Reached XP level 3. HP: 10/18 MP: 5/7
   840 | D:2      | Learned a level 3 spell: Portal Projectile
  1080 | D:2      | Noticed Jessica
  1086 | D:2      | Killed Jessica
  1086 | D:2      | Reached XP level 4. HP: 17/23 MP: 6/8
  1196 | D:2      | Reached skill level 4 in Long Blades
  1865 | D:3      | Reached XP level 5. HP: 16/26 MP: 7/9
  1897 | D:3      | Reached skill level 2 in Fighting
  1914 | D:3      | Noticed PeterLawrence's ghost (weakling MiFi)
  1968 | D:3      | Slain by PeterLawrence's ghost

Skill      XL: |  1  2  3  4  5 |
---------------+----------------+-----
Long Blades    | 2 3 4 |  4.5
Fighting       | 2 |  2.0
Throwing       | |  0.8
Armour         | |  0.7
Dodging        | |  1.5
Spellcasting   | |  2.1
Translocations | |  3.0

Action                   |  1- 3 |  4- 6 || total
-------------------------+-------+-------++-------
Melee: Falchion          |    63 |   117 ||   180
       Bite              |    16 |    35 ||    51
 Stab: Sleeping          |     1 |     1 ||     2
  Eat: Chunk             |       |     4 ||     4
Armor: Leather armour    |    19 |     1 ||    20
       Robe              |       |    23 ||    23
Dodge: Dodged            |    38 |    81 ||   119
